 Dungeon Crawl Stone Soup version 0.30.0-5-g1a98f26d00 (webtiles) character file.

Game seed: 10849077323208984208

128 Peloso the Covered (level 4, -3/40 HPs)
             Began as a Minotaur Fighter on May 10, 2023.
             Was an Initiate of Okawaru.
             Killed from afar by an orc wizard (6 damage)
             ... with a magic dart
             ... on level 6 of the Dungeon.
             The game lasted 00:04:10 (2214 turns).

Peloso the Covered (Minotaur Fighter)               Turns: 2214, Time: 00:04:11

Health: -3/40      AC:  7    Str: 24    XL:     4   Next: 87%
Magic:  3/3        EV: 15    Int:  4    God:    Okawaru [......]
Gold:   154        SH:  4    Dex: 11    Spells: 3/3 levels left

rFire   . . .        a - +0 long sword
rCold   . . .        d - +0 buckler
rNeg    . . .        b - +0 scale mail
rPois   .            (helmet restricted)
rElec   .            (no cloak)
rCorr   .            (no gloves)
SInv    .            (no boots)
Will    .....        (no amulet) Stlth
                     r - +5 ring of evasion
HPRegen 0.26/turn    (no ring)
MPRegen 0.08/turn

%: random rage (3%)
@: no status effects
A: horns 2, retaliatory headbutt, berserk 1, strong 1
a: Renounce Religion


You were on level 6 of the Dungeon.
You worshipped Okawaru.
Okawaru was noncommittal.
You visited 1 branch of the dungeon, and saw 4 of its levels.

You collected 154 gold pieces.

Inventory:

Hand Weapons
 a - a +0 long sword (weapon)
 c - a +4 short sword
Armour
 b - a +0 scale mail (worn)
 d - a +0 buckler (worn)
Jewellery
 r - a +5 ring of evasion (left hand)
Scrolls
 g - 2 scrolls of immolation {unknown}
 l - 2 scrolls of teleportation {unknown}
 m - 4 scrolls of identify {unknown}
 o - a scroll of brand weapon {unknown}
Potions
 e - a potion of haste {unknown}
 f - a potion of berserk rage {unknown}
 h - 2 potions of might
 i - a potion of flight {unknown}
 j - a potion of brilliance
 k - a potion of attraction {unknown}
 n - a potion of magic {unknown}
 p - a potion of curing {unknown}


   Skills:
 + Level 4.3 Fighting
 + Level 4.2 Long Blades
 + Level 4.6 Armour
 + Level 0.9 Dodging
 + Level 4.2 Shields


You had 3 spell levels left.
You didn't know any spells.
Your spell library contained the following spells:

 Spells                   Type           Power      Damage    Failure   Level
 Blink                    Tloc           0%         N/A       94%         2
 Lesser Beckoning         Tloc           0%         N/A       94%         2
 Momentum Strike          Conj/Tloc      0%         3d8       94%         2
 Borgnjor's Revivificati  Necr           0%         N/A       100%        8
 Necromutation            Tmut/Necr      0%         N/A       100%        8
 Death's Door             Necr           0%         N/A       100%        9


Dungeon Overview and Level Annotations

Branches:
Dungeon (6/15)
 Temple: D:4-7

Altars:
Okawaru

Annotations:
D:6 Edmund


Innate Abilities, Weirdness & Mutations

You have a pair of horns on your head.
You reflexively headbutt those who attack you in melee.
You sometimes lose your temper in combat.
Your muscles are strong. (Str +4, Int/Dex -1)


Message History

Edmund hits you with a +0 flail of protection.
You barely miss Edmund. Edmund hits you but does no damage.
You barely miss Edmund. Your headbutt misses Edmund. Edmund misses you.
You furiously retaliate!
You headbutt Edmund. You barely miss Edmund.
Edmund is lightly wounded.
Edmund barely misses you. You furiously retaliate!
You headbutt Edmund! You hit Edmund but do no damage. You headbutt Edmund!
Edmund is heavily wounded.
You hear some strange, mumbled words.
You are confused.
Edmund hits you with a +0 flail of protection!
Edmund completely misses you. Something completely misses you.
You're too confused to move!
Something barely misses you.
Edmund hits you with a +0 flail of protection.
You barely miss Edmund. You headbutt Edmund.
Edmund is heavily wounded.
Something hits you. Edmund barely misses you.
You miss Edmund. Your headbutt misses Edmund.
Edmund is heavily wounded.
You feel a little less clever now. Something barely misses you.
Edmund hits you with a +0 flail of protection!
Edmund attacks as you move away! Edmund misses you. Something hits you.
The iguana closely misses you.
You bump into the rock wall.
Something hits you but does no damage. The iguana misses you.
You completely miss something. Something hits you. The iguana misses you.
You barely miss something.
You feel less confused.
You hear some strange, mumbled words.
A magic dart appears from out of thin air!
The magic dart hits you.
* * * LOW HITPOINT WARNING * * *
The iguana bites you.
* * * LOW HITPOINT WARNING * * *
You hear some strange, mumbled words.
A magic dart appears from out of thin air!
The magic dart hits you.
You die...

#......>.# #.......##.#
........####..# ....#.#
..##......#..####.....#
#............#)#...(#
#.......#.#..........
.......
#..................#
.......
###.#.......#......#
.......
####........#.l..##
.....#.
###.#..:##@{@..##.@.....
####.....##...#...?...
##...###.......l...
#....###..........
##...# ###.#......
#..... .......#.
#................
.................
..............?.#


You could see Edmund and an iguana.

Vanquished Creatures
  An orc wizard (D:3)
  An adder (D:2)
  3 worms
  A dart slug (D:1)
  3 orcs (D:3)
  7 ball pythons
  7 bats
  14 endoplasms
  5 giant cockroaches
  6 goblins
  4 hobgoblins
  4 jackals (D:2)
  2 quokkas
  A frilled lizard (D:2)
  5 kobolds
  9 rats
73 creatures vanquished.

Notes
Turn   | Place    | Note
-------+----------+-------------------------------------------
     0 | D:1      | Peloso the Minotaur Fighter began the quest for the Orb.
     0 | D:1      | Reached XP level 1. HP: 19/19 MP: 0/0
   142 | D:1      | Reached XP level 2. HP: 26/27 MP: 1/1
   400 | D:1      | Reached XP level 3. HP: 33/33 MP: 2/2
  1129 | D:2      | Found a faded altar of an unknown god.
  1334 | D:2      | Reached XP level 4. HP: 40/40 MP: 3/3
  1770 | D:3      | Found an iron altar of Okawaru.
  1780 | D:3      | Became a worshipper of Warmaster Okawaru
  2154 | D:3      | Gained mutation: You are agile. (Dex +4, Str/Int -1)
                  | [potion of mutation]
  2154 | D:3      | Gained mutation: You have a pair of large horns on your
                  | head. [potion of mutation]
  2155 | D:3      | Lost mutation: You have a pair of large horns on your head.
                  | [potion of mutation]
  2155 | D:3      | Lost mutation: You are agile. (Dex +4, Str/Int -1) [potion
                  | of mutation]
  2155 | D:3      | Gained mutation: Your muscles are strong. (Str +4, Int/Dex
                  | -1) [potion of mutation]
  2155 | D:3      | Gained mutation: You sometimes lose your temper in combat.
                  | [potion of mutation]
  2169 | D:3      | You fall into a shaft and drop 3 floors!
  2195 | D:6      | Noticed Edmund
  2214 | D:6      | Killed from afar by an orc wizard

Illustrated notes

Levels and vault maps discovered:
D:1:      psy_arrival_dodecagon, layout_loops_ring,
          amcnicky_mini_rare_corridor_liquid, minmay_misc_feat_rugged
D:2:      layout_basic, dilly_ecumenical_altar_fadedgnrine,
          minmay_misc_feat_rows
D:3:      minmay_skewed_foursquare, layout_basic, okawaru_ov_weapons_minmay,
          minmay_strange_pillars
D:6:      layout_cave_pools, mainiacjoe_overflow_brackets,
          kennysheep_generic_room_6, uniq_edmund

Skill      XL: |  1  2  3  4 |
---------------+-------------+-----
Armour         | 4 |  4.6
Shields        | 4 |  4.2
Long Blades    | 3 4 |  4.2
Fighting       | 4 |  4.3
Dodging        | |  0.9

Action                     |  1- 3 |  4- 6 || total
---------------------------+-------+-------++-------
  Melee: Long sword        |    77 |    54 ||   131
         Headbutt          |    14 |     7 ||    21
    Use: Potion            |       |     3 ||     3
 Armour: Scale mail        |    39 |    14 ||    53
  Dodge: Dodged            |    38 |    33 ||    71
  Block: Buckler           |    19 |    12 ||    31
